 Dungeon Crawl Stone Soup version 0.28.0-53-g5a82cb258f (webtiles) character file.

Game seed: 14922287688720112174

122652 DildoBatman the Earth Mage (level 17, -4/128 HPs)
             Began as a Formicid Conjurer on May 28, 2022.
             Was an Initiate of Gozag.
             Killed from afar by a manticore (22 damage)
             ... with a volley of spikes
             ... on level 1 of the Shoals.
             The game lasted 02:13:14 (28426 turns).

DildoBatman the Earth Mage (Formicid Conjurer)     Turns: 28426, Time: 02:13:15

Health: -4/128     AC: 14    Str: 13    XL:     17   Next: 43%
Magic:  8/31       EV: 15    Int: 21    God:    Gozag
Gold:   1908       SH: 12    Dex: 21    Spells: 10/36 levels left

rFire   + . .      SeeInvis +   a - +8 autumn katana {vorpal, manifold assault}
rCold   . . .      Faith    .   l - +0 kite shield
rNeg    . . .      Spirit   .   o - +2 troll leather armour
rPois   .          Reflect  .   (helmet unavailable)
rElec   .          Harm     .   s - +0 cloak {Stlth+}
rCorr   .          Rampage  .   S - +2 pair of gloves of Feomixtako {Int+2}
Will    +....                   J - +0 pair of boots
Stlth   +++.......              g - amulet of the acrobat
HPRegen 1.11/turn               m - +6 ring of dexterity
MPRegen 0.22/turn               k - ring of flight

@: lethally poisoned (-4 -> -13), spiked, gold aura, flying
A: permanent stasis, dig shafts and tunnels, antennae 3, four strong arms, fire
resistance 1, screaming 1
a: Dig, Shaft Self, Renounce Religion, Potion Petition, Call Merchant, Bribe
Branch


You were on level 1 of the Shoals.
You worshipped Gozag.
Gozag was most pleased with you.
You visited 5 branches of the dungeon, and saw 25 of its levels.
You also visited: Bailey, Gauntlet, Ice Cave and Volcano.

You collected 7170 gold pieces.
You spent 1238 gold pieces at shops.
You paid 4024 gold pieces to Gozag.

Inventory:

Hand Weapons
 a - the +8 autumn katana (weapon) {vorpal, manifold assault}
   (You found it in a volcano)

   It sometimes launches melee attacks against multiple visible enemies.
 b - the +3 trident of Eloz {vamp, rN+ Will+}
   (You found it on level 5 of the Dungeon)

   It occasionally heals its wielder for a portion of the damage dealt when it
   wounds a living foe.
   rN:        It protects you from negative energy.
   Will:      It increases your willpower.
 c - a +2 longbow of flaming
 d - a +2 great sword of flaming
Missiles
 P - 535 arrows
 Q - 169 bolts
 R - 164 sling bullets
 V - 4 throwing nets
Armour
 l - a +0 kite shield (worn)
 o - a +2 troll leather armour (worn)
 s - a +0 cloak of stealth (worn)
 J - a +0 pair of boots (worn)
 S - the +2 pair of gloves of Feomixtako (worn) {Int+2}
   (You found it in an ice cave)

   Int:       It affects your intelligence (+2).
Magical Staves
 e - a staff of death
 D - a staff of air
Jewellery
 g - an amulet of the acrobat (around neck)
 j - the ring "Noiteut" {Drain rElec rN+ Will+}
   (You found it in a Gauntlet)

   [ring of positive energy]

   rElec:     It insulates you from electricity.
   rN:        It protects you from negative energy.
   Drain:     It drains your maximum health when unequipped.
   Will:      It increases your willpower.
 k - a ring of flight (right hand)
 m - a +6 ring of dexterity (left hand)
 L - the ring "Cicekont" {EV+4 Str+2}
   (You found it in a Gauntlet)

   [ring of evasion]

   EV:        It affects your evasion (+4).
   Str:       It affects your strength (+2).
Wands
 p - a wand of acid (11)
 M - a wand of iceblast (17)
Scrolls
 q - a scroll of acquirement {unknown}
 t - a scroll of torment {unknown}
 v - 7 scrolls of fog
 z - 2 scrolls of identify
 C - a scroll of magic mapping
 I - a scroll of summoning {unknown}
 T - a scroll of amnesia {unknown}
 U - 4 scrolls of immolation
 X - a scroll of holy word {unknown}
 Z - 5 scrolls of fear
Potions
 f - 4 potions of resistance
 n - a potion of ambrosia {unknown}
 r - a potion of experience {unknown}
 w - 4 potions of cancellation
 x - 8 potions of curing
 A - a potion of invisibility {unknown}
 E - 2 potions of attraction {unknown}
 F - 6 potions of heal wounds
 H - 5 potions of might
 N - 5 potions of magic
 O - 3 potions of brilliance
Miscellaneous
 h - a phantom mirror


   Skills:
 - Level 10.0 Fighting
 - Level 10.0 Armour
 - Level 7.0 Dodging
 - Level 2.4 Stealth
 - Level 9.0 Shields
 - Level 10.0 Spellcasting
 - Level 6.0 Conjurations
 - Level 13.2 Necromancy
 * Level 5.9 Transmutations
 - Level 6.0 Fire Magic
 - Level 20.0 Earth Magic


You had 10 spell levels left.
You knew the following spells:

 Your Spells              Type           Power      Damage    Failure   Level
a - Borgnjor's Vile Clut  Necr/Erth      34%        N/A       1%          5
b - Conjure Flame         Conj/Fire      35%        6-21      3%          3
c - Searing Ray           Conj           70%        2d7       1%          2
d - Vampiric Draining     Necr           60%        2d10      1%          3
f - Magic Dart            Conj           100%       1d8       1%          1
g - Statue Form           Tmut/Erth      40%        N/A       12%         6
h - Dispel Undead         Necr           60%        3d21      1%          4
z - Sublimation of Blood  Necr           60%        N/A       1%          2

Your spell library contained the following spells:

 Spells                   Type           Power      Damage    Failure   Level
 Animate Skeleton         Necr           100%       N/A       1%          1
 Beastly Appendage        Tmut           70%        N/A       1%          1
 Foxfire                  Conj/Fire      100%       2x1d9     1%          1
 Wereblood                Tmut           35%        N/A       1%          2
 Animate Dead             Necr           30%        N/A       1%          4
 Petrify                  Tmut/Erth      60%        N/A       1%          4
 Agony                    Necr           60%        N/A       1%          5
 Excruciating Wounds      Necr           30%        N/A       1%          5
 Lee's Rapid Deconstruct  Erth           38%        3d20*     1%          5
 Leda's Liquefaction      Hex/Erth       25%        N/A       2%          4
 Sting                    Tmut/Pois      92%        1d7       4%          1
 Static Discharge         Conj/Air       23%        N/A       7%          2
 Anguish                  Hex/Necr       19%        N/A       10%         4
 Death Channel            Necr           30%        N/A       11%         6
 Dazzling Flash           Conj/Hex       46%        N/A       13%         3
 Inner Flame              Hex/Fire       23%        N/A       13%         3
 Flame Wave               Conj/Fire      35%        2d8       13%         4
 Sticky Flame             Conj/Fire      35%        2d5       13%         4
 Spider Form              Tmut/Pois      23%        N/A       14%         3
 Freeze                   Ice            40%        1d6       16%         1
 Blade Hands              Tmut           17%        N/A       36%         5
 Irradiate                Conj/Tmut      17%        3d19      36%         5
 Frozen Ramparts          Ice            20%        1d4       41%         3
 Gell's Gravitas          Tloc           10%        N/A       41%         3
 Lesser Beckoning         Tloc           10%        N/A       41%         3
 Portal Projectile        Hex/Tloc       20%        N/A       41%         3
 Teleport Other           Tloc           10%        N/A       41%         3
 Fulminant Prism          Conj/Hex       11%        3d9       41%         4
 Hailstorm                Conj/Ice       23%        3d7       41%         4
 Ice Form                 Ice/Tmut       23%        N/A       41%         4
 Iskenderun's Mystic Bla  Conj/Tloc      23%        2d6       41%         4
 Lightning Bolt           Conj/Air       11%        1d24      77%         5
 Summon Ice Beast         Ice/Summ       10%        N/A       83%         4
 Simulacrum               Ice/Necr       19%        N/A       83%         6
 Freezing Cloud           Conj/Ice/Air   9%         6-21      88%         5
 Starburst                Conj/Fire      17%        6d6       89%         6
 Summon Mana Viper        Hex/Summ       10%        N/A       99%         5
 Borgnjor's Revivificati  Necr           30%        N/A       99%         8
 Infestation              Necr           30%        N/A       99%         8
 Conjure Ball Lightning   Conj/Air       11%        3x3d6     100%        6
 Dragon Form              Tmut           17%        N/A       100%        7
 Haunt                    Necr/Summ      19%        N/A       100%        7
 Monstrous Menagerie      Summ           5%         N/A       100%        7
 Discord                  Hex            5%         N/A       100%        8
 Disjunction              Tloc           5%         N/A       100%        8
 Maxwell's Capacitive Co  Air            5%         ∞         100%        8
 Necromutation            Tmut/Necr      25%        N/A       100%        8
 Death's Door             Necr           30%        N/A       100%        9
 Polar Vortex             Ice            5%         N/A       100%        9


Dungeon Overview and Level Annotations

Branches:
Dungeon (15/15)            Temple (1/1) D:7            Lair (6/6) D:10
 Shoals (1/4) Lair:4       Spider (0/4) Lair:4        Slime (0/5) Lair:5
    Orc (2/2) D:11            Elf (0/3) Orc:2        Vaults (0/5) D:13
 Depths (0/4) D:15         Bailey (visited)           IceCv (visited)
Volcano (visited)         Gauntlet (visited)

Altars:
Ashenzari
Cheibriados
Dithmenos
Elyvilon
Fedhas
Gozag
Hepliaklqana
Kikubaaqudgha
Makhleb
Nemelex Xobeh
Okawaru
Qazlal
Ru
Sif Muna
Trog
Uskayaw
Vehumet
Wu Jian
Xom
Yredelemnul
Zin
The Shining One
Beogh
Jiyva

Shops:
D:6 ?[   D:8 !   D:12 [[([   D:13 (   Orc:1 *   Orc:2 =:*[(

Annotations:
Shoals:1 Donald


Innate Abilities, Weirdness & Mutations

You cannot be hasted, slowed, berserked, paralysed or teleported.
You can dig through walls and to a lower floor.
You have a pair of large antennae on your head. (SInv)
Your four strong arms can wield two-handed weapons with a shield.
Your flesh is heat resistant. (rF+)
You occasionally shout uncontrollably at your foes.


Message History

Aim: a sea snake (heavily wounded, 100% to hit)
Zombie hands grab the sea snake.
The manticore is unaffected.
The zombie hands constrict the sea snake!
The zombie hands constrict the manticore!
You feel sick.
The zombie hands release their grip on the manticore.
The sea snake bites you.
The manticore is distracted by your dazzling golden aura.
The sea snake bites you.
You are more poisoned.
The sea snake poisons you!
You barely miss the sea snake.
The sea snake is severely wounded.
The zombie hands constrict the sea snake.
You feel extremely sick. You block the sea snake's attack.
You slash the sea snake!
You kill the sea snake!
You feel extremely sick.
The manticore is no longer distracted by gold.
The manticore flicks its tail.
The volley of spikes hits you!
The barbed spikes become lodged in your body.
The manticore flicks its tail.
The volley of spikes hits you.
The barbed spikes become lodged in your body.
Casting: Borgnjor's Vile Clutch (mildly dangerous; 1% risk of failure)
Confirm with . or Enter, or press ? or * to list all spells.
Aiming: Borgnjor's Vile Clutch (mildly dangerous; 1% risk of failure)
Press: ? - help, Shift-Dir - straight line, f - manticore
Aim: a manticore (severely wounded, 100% to hit)
Zombie hands grab the manticore.
The zombie hands constrict the manticore!
You feel very sick.
The manticore flicks its tail.
The volley of spikes hits you!!
The barbed spikes become lodged in your body.
You die...
Your body crumbles into a pile of gold. ≈.≈ ... ..≈≈.......≈P≈≈≈≈≈≈≈≈≈≈. ... ..≈.....P.P≈≈.≈≈≈≈≈≈≈≈≈. .[.. ≈≈≈≈......≈≈P≈...≈≈≈≈≈≈≈ ..PPP ≈≈......?..P≈≈...≈≈≈≈≈.. #.≈≈≈ ≈≈≈....≈≈..≈≈....≈≈≈≈... ..≈≈≈ ≈≈≈≈......≈≈..# .H≈≈≈≈.
P.PP≈P

≈≈≈≈≈≈≈≈......###$.≈≈≈≈. .≈P≈≈P≈
≈≈≈≈≈≈≈≈≈≈≈≈≈.≈#@..≈≈≈≈..≈P≈≈≈≈≈P
≈≈≈≈≈≈≈≈≈≈≈≈..$$..≈≈.≈...≈≈≈≈≈PP≈
≈≈≈≈≈≈≈≈≈≈≈≈≈≈...≈≈≈≈≈...≈≈≈≈≈≈≈≈
≈≈≈≈≈≈≈≈≈≈≈≈≈≈≈≈≈≈≈≈≈≈≈.≈≈≈≈≈≈≈≈≈
≈≈≈≈≈≈≈≈≈≈≈≈≈≈≈≈≈≈≈≈≈≈≈....≈≈≈≈≈≈
≈≈≈≈≈≈≈≈≈≈≈≈≈≈≈≈≈≈≈≈≈≈.....≈≈≈≈≈≈
≈≈≈≈≈≈≈≈≈≈≈≈≈≈≈≈≈≈≈≈≈≈≈.≈≈≈≈≈≈≈≈≈
≈≈≈≈≈≈≈≈≈≈≈≈≈≈≈≈≈≈≈≈≈≈≈≈≈≈≈≈≈≈≈≈≈
≈≈≈≈≈≈≈≈≈≈≈≈≈≈≈≈≈≈≈≈≈≈≈≈≈≈≈≈≈≈≈≈≈


You could see a manticore (clutched).

Vanquished Creatures
  Rupert (Lair:5)
  Jorgrun (D:12)
  An orc warlord (Orc:2)
  A ghoul (D:15)
  Nessos (D:15)
  A minotaur (Gauntlet)
  A green death (Gauntlet)
  A great orb of eyes (D:15)
  Josephine (Lair:6)
  Harold (D:9)
  11 hydras
  A yaktaur captain (D:13)
  4 boulder beetles
  3 centaur warriors (D:13)
  Erolcha (D:9)
  A catoblepas (Gauntlet)
  6 two-headed ogres
  A tengu warrior (D:15)
  Urug (D:12)
  A hell hog (Volcano)
  5 orc high priests (Orc:2)
  6 death yaks
  6 skeletal warriors
  A fire crab (Volcano)
  2 sea snakes (Shoals:1)
  A wizard (D:14)
  A lindwurm (Lair:4)
  A deep elf pyromancer (D:13)
  Pikel (D:9)
  6 orc knights
  14 ugly things
  4 orc sorcerers (Orc:2)
  2 oklob plants
  4 manticores
  5 cyclopes
  8 elephants
  3 fauns (Shoals:1)
  4 black mambas
  A black mamba (shapeshifter) (D:15)
  Joseph (D:7)
  A water nymph (Shoals:1)
  3 ice statues (IceCv)
  A molten gargoyle (Volcano)
  5 gargoyles
  An unseen horror (D:10)
  2 orange demons (Gauntlet)
  9 cane toads
  Maggie (D:10)
  2 yaktaurs (D:13)
  A kobold demonologist (D:6)
  A tengu conjurer (D:15)
  9 rime drakes
  11 komodo dragons
  A death yak zombie (Lair:5)
  A freezing wraith (IceCv)
  An anaconda simulacrum (IceCv)
  3 death yak skeletons
  A guardian mummy (D:15)
  A hydra zombie (Lair:4)
  A queen bee (D:11)
  7 trolls
  4 polar bears
  A wind drake (Shoals:1)
  6 hornets (Lair:6)
  21 slime creatures
  11 blink frogs
  2 snapping turtles (Shoals:1)
  3 flying skulls (Gauntlet)
  3 hydra skeletons
  4 vampires
  A black mamba zombie (Lair:4)
  A culicivora (Lair:4)
  2 jumping spiders (Lair:4)
  A dire elephant simulacrum (IceCv)
  3 water elementals (Shoals:1)
  6 wraiths
  2 shadows
  12 wyverns
  12 spriggans (Lair:6)
  79 yaks
  A culicivora (shapeshifter) (D:15)
  Grum (D:9)
  4 fire bats (Volcano)
  A human (shapeshifter) (D:14)
  A black mamba skeleton (Lair:2)
  10 basilisks
  A human (D:5)
  6 steam dragons
  8 vampire mosquitoes
  6 redbacks (Lair:4)
  2 acid dragons
  7 wargs
  A hell hound (Volcano)
  17 water moccasins
  4 swamp drakes (Lair:2)
  11 black bears
  An ice beast (D:6)
  5 cane toad skeletons
  27 orc warriors
  A lindwurm zombie (Volcano)
  A necrophage (D:7)
  A sky beast (D:6)
  9 ogres
  31 wolves
  3 boggarts (Lair:6)
  An elephant skeleton (Lair:3)
  2 phantoms
  9 centaurs
  2 dream sheep skeletons (Lair:1)
  A lemure (D:9)
  A salamander zombie (Volcano)
  Blork the orc (D:4)
  2 kobold brigands
  3 rime drake zombies (IceCv)
  A komodo dragon zombie (Lair:4)
  12 bullfrogs
  7 rime drake skeletons (IceCv)
  A wyvern zombie (D:6)
  2 scorpions
  A water moccasin zombie (D:6)
  A cane toad simulacrum (IceCv)
  A wyvern skeleton (D:6)
  A water moccasin skeleton (Lair:2)
  7 wights
  16 killer bees
  8 vampire bats (Bailey)
  2 yak skeletons
  A polar bear skeleton (IceCv)
  4 howler monkeys
  11 wolf zombies (Bailey)
  An electric eel (Lair:3)
  3 bullfrog zombies
  5 centaur zombies
  5 lava snakes (Volcano)
  5 hounds
  2 jellies (D:7)
  A bullfrog skeleton (Lair:2)
  2 gnoll shamans
  10 orc priests
  A basilisk skeleton (Lair:2)
  3 iguanas
  15 orc wizards
  16 hell rats
  2 polar bear simulacra (IceCv)
  A wolf simulacrum (IceCv)
  2 killer bee zombies
  A hound skeleton (D:5)
  2 mummies
  A howler monkey zombie (D:5)
  11 gnolls
  7 adders
  A shadow imp (D:8)
  4 white imps
  4 ufetubi
  2 worms
  2 dart slugs
  57 orcs
  11 ball pythons
  3 bats
  6 endoplasms
  3 giant cockroaches
  4 hobgoblins
  4 jackals
  7 quokkas
  5 frilled lizards
  11 goblins
  14 kobolds
  A kobold zombie (D:5)
  23 orc zombies (Bailey)
  7 rats
876 creatures vanquished.

Vanquished Creatures (others)
  A yak (Lair:2)
  A bush (Lair:6)
  A demonic plant (Gauntlet)
  54 fungi
  93 plants
150 creatures vanquished.

Grand Total: 1026 creatures vanquished

Notes
Turn   | Place    | Note
-------+----------+-------------------------------------------
     0 | D:1      | DildoBatman the Formicid Conjurer began the quest for the
                  | Orb.
     0 | D:1      | Reached XP level 1. HP: 13/13 MP: 3/3
   364 | D:1      | Reached XP level 2. HP: 8/19 MP: 1/5
   432 | D:1      | Learned a level 2 spell: Searing Ray
  1023 | D:2      | Reached XP level 3. HP: 21/24 MP: 6/6
  1587 | D:2      | Reached XP level 4. HP: 9/30 MP: 3/7
  1630 | D:2      | Found a faded altar of an unknown god.
  1977 | D:3      | Reached skill level 5 in Conjurations
  2416 | D:3      | Reached XP level 5. HP: 28/35 MP: 2/8
  2900 | D:4      | Noticed a kobold brigand
  2912 | D:4      | Killed a kobold brigand
  2913 | D:4      | Reached skill level 1 in Fighting
  2913 | D:4      | Reached skill level 1 in Armour
  2913 | D:4      | Reached XP level 6. HP: 26/43 MP: 0/9
  2929 | D:4      | Noticed Blork the orc
  3585 | D:5      | Entered Level 5 of the Dungeon
  3640 | D:5      | Noticed a black bear
  3804 | D:5      | Found a snail-covered altar of Cheibriados.
  3892 | D:5      | Found a blossoming altar of Fedhas.
  3896 | D:5      | Found a broken altar of Ashenzari.
  3896 | D:5      | Found a shimmering altar of Xom.
  3906 | D:5      | Found a stormy altar of Qazlal.
  3911 | D:5      | Found an opulent altar of Gozag.
  3962 | D:5      | Noticed a black bear
  3974 | D:6      | Noticed a kobold demonologist
  3974 | D:6      | Noticed a black bear
  4147 | D:6      | Noticed a black bear
  4376 | D:7      | Found a glowing silver altar of Zin.
  4376 | D:7      | Found a hide-covered altar of Uskayaw.
  4376 | D:7      | Found a burning altar of Makhleb.
  4489 | D:7      | Reached XP level 7. HP: 38/50 MP: 12/12
  4540 | D:7      | Reached skill level 1 in Shields
  4554 | D:7      | Found a staircase to the Ecumenical Temple.
  4555 | D:7      | Noticed Joseph
  4568 | Temple   | Entered the Ecumenical Temple
  4787 | Temple   | Became a worshipper of Kikubaaqudgha
  4822 | D:7      | You fall into a shaft and drop 2 floors!
  4822 | D:9      | Noticed a water moccasin
  4848 | D:9      | Noticed Harold
  5020 | D:8      | Noticed a steam dragon
  5087 | D:6      | Reached skill level 5 in Spellcasting
  5095 | D:6      | Reached XP level 8. HP: 56/56 MP: 15/15
  5184 | D:6      | Noticed a soul eater
  5185 | D:6      | Killed a kobold demonologist
  5490 | D:6      | Reached XP level 9. HP: 56/65 MP: 19/19
  5561 | D:6      | Reached * piety under Kikubaaqudgha
  5561 | D:6      | Received a gift from Kikubaaqudgha
  5565 | D:6      | Learned a level 2 spell: Sublimation of Blood
  5569 | D:6      | Learned a level 3 spell: Vampiric Draining
  5572 | D:6      | Found Miep's Armour Shoppe.
  5687 | D:6      | Learned a level 3 spell: Conjure Flame
  6051 | D:6      | Reached skill level 5 in Fighting
  6051 | D:6      | Reached skill level 5 in Armour
  6051 | D:6      | Reached skill level 1 in Fire Magic
  6177 | D:6      | Found Ecuom's Magic Scroll Boutique.
  6180 | D:6      | Bought a scroll of noise for 14 gold pieces
  6180 | D:6      | Bought a scroll of identify for 28 gold pieces
  6417 | D:5      | Found a runed translucent door.
  6420 | D:5      | Found a basalt altar of Yredelemnul.
  6691 | D:5      | Identified the +3 trident of Eloz {vamp, rN+ Will+}
  6851 | D:5      | Reached skill level 5 in Fire Magic
  7103 | D:4      | Killed Blork the orc
  7104 | D:4      | Reached XP level 10. HP: 60/74 MP: 18/20
  7414 | D:7      | Reached skill level 1 in Necromancy
  7500 | D:7      | Killed Joseph
  7819 | D:7      | Reached skill level 5 in Necromancy
  7876 | D:7      | Noticed a two-headed ogre
  7955 | D:7      | Killed a two-headed ogre
  8005 | D:7      | Noticed a komodo dragon
  8005 | D:7      | Noticed an eight-headed hydra
  8225 | D:8      | Reached ** piety under Kikubaaqudgha
  8453 | D:8      | Found Xaparown's Distillery.
  8458 | D:8      | Bought a potion of degeneration for 14 gold pieces
  8458 | D:8      | Bought a potion of heal wounds for 70 gold pieces
  8458 | D:8      | Bought a potion of mutation for 112 gold pieces
  8458 | D:8      | Bought a potion of curing for 42 gold pieces
  8460 | D:8      | Gained mutation: You are frail. (-10% HP) [potion of
                  | mutation]
  8460 | D:8      | Gained mutation: You expend magic power (3 MP) to
                  | strengthen your wands. [potion of mutation]
  8460 | D:8      | Gained mutation: You are resistant to electric shocks.
                  | (rElec) [potion of mutation]
  8460 | D:8      | Lost mutation: You are frail. (-10% HP) [potion of
                  | mutation]
  9248 | D:7      | Killed a komodo dragon
  9645 | D:9      | Noticed Grum
  9658 | D:9      | Reached XP level 11. HP: 68/79 MP: 19/21
  9671 | D:9      | Killed Grum
 10086 | D:9      | Noticed Erolcha
 10104 | D:10     | Entered Level 10 of the Dungeon
 10428 | D:10     | Found a shadowy altar of Dithmenos.
 10439 | D:10     | Found an ornate altar of the Wu Jian Council.
 10440 | D:10     | Noticed Maggie
 10455 | D:10     | Killed Maggie
 10570 | D:10     | Found a staircase to the Lair.
 10597 | D:10     | Found a hazy altar of Hepliaklqana.
 10726 | D:10     | Reached *** piety under Kikubaaqudgha
 10726 | D:10     | Received a gift from Kikubaaqudgha
 10728 | D:10     | Found a flagged portal.
 10734 | Bailey   | Entered a bailey
 10741 | Bailey   | Learned a level 5 spell: Borgnjor's Vile Clutch
 10746 | Bailey   | Learned a level 4 spell: Dispel Undead
 10973 | Bailey   | Reached skill level 2 in Earth Magic
 11134 | Bailey   | Reached skill level 3 in Earth Magic
 11320 | Bailey   | Lost mutation: You are resistant to electric shocks.
                  | (rElec) [potion of mutation]
 11320 | Bailey   | Lost mutation: You expend magic power (3 MP) to strengthen
                  | your wands. [potion of mutation]
 11320 | Bailey   | Gained mutation: Your spells are a little harder to cast,
                  | but a little more powerful. [potion of mutation]
 11320 | Bailey   | Gained mutation: You are partially covered in iridescent
                  | scales. (AC +2) [potion of mutation]
 11320 | Bailey   | Gained mutation: You are strong-willed. (Will+) [potion of
                  | mutation]
 11345 | Bailey   | Reached skill level 4 in Earth Magic
 11485 | D:10     | Reached **** piety under Kikubaaqudgha
 11658 | D:10     | Noticed a two-headed ogre
 11676 | D:10     | Killed a two-headed ogre
 11677 | D:10     | Reached skill level 5 in Earth Magic
 11930 | D:9      | Reached skill level 6 in Earth Magic
 12045 | D:9      | Noticed Pikel
 12074 | D:9      | Killed Pikel
 12104 | D:9      | Killed Erolcha
 12105 | D:9      | Reached skill level 7 in Earth Magic
 12105 | D:9      | Reached XP level 12. HP: 61/88 MP: 7/22
 12293 | D:9      | Killed Harold
 12294 | D:9      | Reached skill level 8 in Earth Magic
 12416 | D:8      | Killed an eight-headed hydra
 12417 | D:8      | Reached skill level 9 in Earth Magic
 12603 | D:11     | Found a staircase to the Orcish Mines.
 12633 | D:11     | Noticed a two-headed ogre
 12838 | D:11     | Killed a two-headed ogre
 12839 | D:11     | Reached skill level 10 in Earth Magic
 13250 | D:11     | Reached skill level 10 in Necromancy
 13369 | Orc:1    | Entered Level 1 of the Orcish Mines
 13455 | Orc:1    | Noticed a two-headed ogre
 13461 | Orc:1    | Reached ***** piety under Kikubaaqudgha
 13502 | D:11     | Killed a two-headed ogre
 13503 | D:11     | Reached skill level 11 in Earth Magic
 13583 | Orc:1    | Found Myejeol's Assorted Antiques.
 13710 | Orc:1    | Bought a murky grey potion for 18 gold pieces
 13710 | Orc:1    | Bought a scroll labelled BAUS IXKARPH for 21 gold pieces
 13710 | Orc:1    | Bought a scroll labelled ECY IKAEHICUO for 21 gold pieces
 13710 | Orc:1    | Bought a scroll labelled XEHA WAUPUDUISK for 21 gold pieces
 13710 | Orc:1    | Bought a scroll labelled GIGAICHAV for 21 gold pieces
 13941 | Orc:2    | Entered Level 2 of the Orcish Mines
 13963 | Orc:2    | Noticed an orc high priest
 13964 | Orc:2    | Noticed an orc high priest
 13965 | Orc:2    | Noticed an orc warlord
 13979 | Orc:2    | Noticed a soul eater
 14015 | Orc:2    | Noticed a two-headed ogre
 14051 | Orc:1    | Killed a two-headed ogre
 14116 | Orc:2    | Reached XP level 13. HP: 92/92 MP: 9/23
 14186 | Orc:2    | Reached skill level 12 in Earth Magic
 14448 | Orc:2    | Reached skill level 5 in Shields
 14866 | Orc:2    | Found Lanyq's Antique Armour Emporium.
 15090 | Orc:2    | Killed an orc warlord
 15175 | Orc:2    | Found Pokhleci's General Store.
 15183 | Orc:2    | Bought a scroll of fog for 26 gold pieces
 15183 | Orc:2    | Bought a scroll of identify for 26 gold pieces
 15185 | Orc:2    | Found Zesoocol's Jewellery Emporium.
 15238 | Orc:2    | Reached skill level 5 in Dodging
 15248 | Orc:2    | Found Gezutota's Book Boutique.
 15328 | Orc:2    | Found a staircase to the Elven Halls.
 15330 | Orc:2    | Found Fuemi's Antique Weapon Emporium.
 15594 | Lair:1   | Entered Level 1 of the Lair of Beasts
 15668 | Lair:1   | Reached ****** piety under Kikubaaqudgha
 15685 | D:10     | Received a gift from Kikubaaqudgha
 15686 | D:10     | Fell from the grace of Kikubaaqudgha
 15801 | D:5      | Became a worshipper of Gozag Ym Sagoz the Greedy
 15805 | D:5      | You fall into a shaft and drop 3 floors!
 15808 | D:8      | You fall into a shaft and drop 2 floors!
 15881 | Lair:1   | Reached XP level 14. HP: 59/89 MP: 10/24
 15961 | Lair:1   | Found a frozen archway.
 15970 | IceCv    | Entered an ice cave
 16304 | IceCv    | Got Erheug's Tome of Dark Shape Shifting
 16315 | IceCv    | Identified the +2 pair of gloves of Feomixtako {Int+2}
 17082 | D:8      | Bought a potion of curing for 42 gold pieces
 17082 | D:8      | Bought 2 potions of heal wounds for 140 gold pieces
 17082 | D:8      | Bought a potion of brilliance for 56 gold pieces
 17082 | D:8      | Bought a potion of resistance for 140 gold pieces
 17475 | Lair:2   | Lost mutation: You are strong-willed. (Will+) [potion of
                  | mutation]
 17475 | Lair:2   | Lost mutation: Your spells are a little harder to cast, but
                  | a little more powerful. [potion of mutation]
 17475 | Lair:2   | Gained mutation: Your spells are a little harder to cast,
                  | but a little more powerful. [potion of mutation]
 17475 | Lair:2   | Gained mutation: Your magical capacity is low. (-10% MP)
                  | [potion of mutation]
 17475 | Lair:2   | Gained mutation: You passively map a small area around you.
                  | [potion of mutation]
 17580 | Lair:2   | Found a dark tunnel.
 17604 | Volcano  | Entered a volcano
 17970 | Volcano  | Found a radiant altar of Vehumet.
 18120 | Volcano  | Found the +8 autumn katana {vorpal, manifold assault}
 18435 | Lair:2   | Lost mutation: You passively map a small area around you.
                  | [potion of mutation]
 18435 | Lair:2   | Lost mutation: Your magical capacity is low. (-10% MP)
                  | [potion of mutation]
 18435 | Lair:2   | Lost mutation: Your spells are a little harder to cast, but
                  | a little more powerful. [potion of mutation]
 18435 | Lair:2   | Gained mutation: Your muscles are strong. (Str +2) [potion
                  | of mutation]
 18741 | Lair:3   | Reached skill level 10 in Armour
 19064 | Lair:3   | Reached skill level 10 in Fighting
 19688 | Lair:4   | Reached XP level 15. HP: 99/100 MP: 17/26
 20033 | Lair:4   | Found a hole to the Spider Nest.
 20061 | Lair:4   | Reached skill level 13 in Earth Magic
 20419 | Lair:4   | Found a staircase to the Shoals.
 20948 | Lair:5   | Noticed Rupert
 21237 | Lair:4   | Was forgiven by Kikubaaqudgha
 21297 | Lair:5   | Killed Rupert
 21298 | Lair:5   | Reached skill level 14 in Earth Magic
 21476 | Lair:5   | Found a staircase to the Slime Pits.
 21477 | Lair:5   | Found a viscous altar of Jiyva.
 21547 | Lair:5   | Found a white marble altar of Elyvilon.
 21918 | Lair:6   | Entered Level 6 of the Lair of Beasts
 21925 | Lair:6   | Reached skill level 10 in Spellcasting
 22052 | Lair:6   | Reached skill level 15 in Earth Magic
 22368 | Lair:6   | Reached skill level 16 in Earth Magic
 22521 | Lair:6   | Reached XP level 16. HP: 116/122 MP: 25/30
 22661 | Lair:6   | Noticed Josephine
 22664 | Lair:6   | Killed Josephine
 22760 | Lair:6   | Reached skill level 17 in Earth Magic
 23973 | D:12     | Noticed Jorgrun
 23986 | D:12     | Killed Jorgrun
 24056 | D:12     | Reached skill level 18 in Earth Magic
 24205 | D:12     | Found a gate leading to a gauntlet.
 24311 | D:12     | Bought a runed cloak for 195 gold pieces
 24318 | Gauntlet | Entered a Gauntlet
 24318 | Gauntlet | Found a runed translucent door.
 24318 | Gauntlet | Found a transporter.
 24318 | Gauntlet | Found a runed translucent door.
 24325 | Gauntlet | Found a transporter.
 24327 | Gauntlet | Found a transporter.
 24340 | Gauntlet | Found a transporter.
 24341 | Gauntlet | Found a transporter.
 24350 | Gauntlet | Found a transporter.
 24366 | Gauntlet | Found a transporter.
 24377 | Gauntlet | Found a transporter.
 24384 | Gauntlet | Found a runed translucent door.
 24388 | Gauntlet | Found a transporter.
 24399 | Gauntlet | Found a transporter.
 24413 | Gauntlet | Found a transporter.
 24421 | Gauntlet | Found a runed translucent gate.
 24422 | Gauntlet | Found a transporter.
 24422 | Gauntlet | Found a runed translucent gate.
 24423 | Gauntlet | Found a transporter.
 24427 | Gauntlet | Found a runed translucent gate.
 24467 | Gauntlet | Found a transporter.
 24585 | Gauntlet | Identified the ring "Noiteut" {Drain rElec rN+ Will+}
 24831 | Gauntlet | Identified the ring "Cicekont" {EV+4 Str+2}
 25108 | D:12     | Learned a level 6 spell: Statue Form
 25412 | D:12     | Noticed Urug
 25418 | D:12     | Killed Urug
 25515 | Orc:1    | Bought a potion of curing for 63 gold pieces
 25515 | Orc:1    | Bought a potion of cancellation for 168 gold pieces
 25601 | D:13     | Reached skill level 19 in Earth Magic
 25862 | D:13     | Found Oquokhi's Antique Weapon Shop.
 26038 | D:13     | Found a gate to the Vaults.
 26357 | D:14     | Reached skill level 1 in Transmutations
 26867 | D:14     | Reached XP level 17. HP: 97/128 MP: 13/31
 27209 | D:15     | Entered Level 15 of the Dungeon
 27478 | D:15     | Noticed Nessos
 27489 | D:15     | Killed Nessos
 27712 | D:15     | Found a staircase to the Depths.
 27773 | D:15     | Lost mutation: Your muscles are strong. (Str +2) [potion of
                  | mutation]
 27773 | D:15     | Lost mutation: You are partially covered in iridescent
                  | scales. (AC +2) [potion of mutation]
 27773 | D:15     | Gained mutation: Your flesh is cold resistant. (rC+)
                  | [potion of mutation]
 28137 | Shoals:1 | Entered Level 1 of the Shoals
 28150 | Shoals:1 | Lost mutation: Your flesh is cold resistant. (rC+) [potion
                  | of mutation]
 28150 | Shoals:1 | Gained mutation: You are clumsy. (Dex -2) [potion of
                  | mutation]
 28150 | Shoals:1 | Gained mutation: You occasionally shout uncontrollably at
                  | your foes. [potion of mutation]
 28150 | Shoals:1 | Gained mutation: Your flesh is heat resistant. (rF+)
                  | [potion of mutation]
 28150 | Shoals:1 | Lost mutation: You are clumsy. (Dex -2) [potion of
                  | mutation]
 28188 | Shoals:1 | Reached skill level 20 in Earth Magic
 28190 | Shoals:1 | Reached skill level 5 in Transmutations
 28258 | Shoals:1 | Noticed Donald
 28426 | Shoals:1 | Killed from afar by a manticore

Illustrated notes

Levels and vault maps discovered:
D:1:      co_arrival_square_in_a_square_in_a_square, layout_loops_corners,
          st_stairs_5
D:2:      minmay_skewed_foursquare, layout_basic,
          hellmonk_ecumenical_altar_pennies_from_heaven, minmay_pentomino_t2
D:3:      layout_loops_ring, grunt_ministairs_3
D:4:      layout_loops_corners, uniq_blork_the_orc
D:5:      kb_forest_paths, layout_rooms, dk_yredelemnul_ordeal,
          minmay_overflow_temple_star_hex, slow_altar_1
D:6:      layout_layer_cave, serial_shops, shop, kennysheep_mini_moat
D:7:      minmay_chambers_of_sevens, layout_loops_cross,
          gammafunk_temple_overflow_forgotten, minmay_temple_entry_hall,
          minmay_stone_trees_small, uniq_joseph
D:8:      layout_loops_ring, serial_shops, shop
D:9:      layout_irregular_city, uniq_pikel, uniq_harold, uniq_erolcha,
          uniq_grum
D:10:     layout_grid_maze, riverfiend_overflow_shadow_ancestor,
          mainiacjoe_overflow_paths, lair_entry_dummy, enter_bailey_3,
          uniq_maggie
D:11:     layout_rooms, erik_orc_4, nicolae_looking_at_the_future
D:12:     layout_basic, gauntlet_entry_generic, uniq_urug, uniq_jorgrun
D:13:     layout_basic, david_vaults_2, serial_shops, shop
D:14:     layout_stronghold, grunt_decor_arrowhead
D:15:     gammafunk_enter_depths_forms, layout_rooms, serial_undead,
          serial_undead_d, serial_undead_c, serial_undead_e, serial_undead_b,
          uniq_nessos
Temple:   jpeg_temple_island
Lair:1:   layout_regular_city, portal_ice_cave_entry_pillars_1
Lair:2:   layout_loops_ring, enter_volcano_2, pond
Lair:3:   layout_gridlike, grunt_megastairs_5
Lair:4:   layout_cave_pods, elwin_shoals_entry_rocks,
          nicolae_spider_entry_tight_spaces, chequers_serial_rivers_micro_d,
          grunt_megastairs_1
Lair:5:   layout_loops_ring, slime_altar_1, lemuel_oklob_altar, uniq_rupert
Lair:6:   minmay_lair_end_enchanted_forest, layout_layer_cave, special_room
          [special_room_mythical_zoo], chequers_serial_rivers_large_b,
          dpeg_oklob_1, grunt_megastairs_4, uniq_josephine
Shoals:1: layout_shoals, uniq_nikola, uniq_donald
Orc:1:    layout_caves, serial_shops, shop
Orc:2:    grunt_orc_gardens, layout_diamond_mine, grunt_orc_garden,
          grunt_orc_garden, grunt_orc_garden, grunt_orc_garden, serial_shops,
          shop, basic_altar

Skill      XL: |  1  2  3  4  5  6  7  8  9 10 11 12 13 14 15 16 17 |
---------------+----------------------------------------------------+-----
Conjurations   | 4 5 6 |  6.0
Fighting       | 1 2 4 5 6 7 10 | 10.0
Armour         | 1 2 4 6 7 8 10 | 10.0
Spellcasting   | 3 5 7 10 | 10.0
Shields        | 3 4 7 9 |  9.0
Fire Magic     | 5 6 |  6.0
Necromancy     | 8 9 10 12 13 | 13.2
Dodging        | 3 5 7 |  7.0
Earth Magic    | 7 11 12 16 19 20 | 20.0
Transmutations | 2 5 |  5.9
Stealth        | |  2.4

Action                   |  1- 3 |  4- 6 |  7- 9 | 10-12 | 13-15 | 16-18 || total
-------------------------+-------+-------+-------+-------+-------+-------++-------
Melee: Club              |     5 |       |       |       |       |       ||     5
       Spear             |     4 |       |       |       |       |       ||     4
       Short sword       |    55 |    34 |     5 |       |       |       ||    94
       Trident           |       |       |    22 |   468 |   373 |    16 ||   879
       Scimitar          |       |       |     4 |     6 |       |       ||    10
       Staff             |       |       |       |    27 |       |       ||    27
       Katana            |       |       |       |       |   359 |   351 ||   710
 Fire: Hunting sling     |       |     3 |       |    18 |       |       ||    21
 Cast: Magic Dart        |    28 |    27 |    42 |     8 |       |       ||   105
       Searing Ray       |     2 |    17 |    47 |    44 |     8 |       ||   118
       Conjure Flame     |       |       |     6 |    69 |    36 |    21 ||   132
       Vampiric Draining |       |       |       |    23 |     5 |       ||    28
       Borgnjor's Vile C |       |       |       |    47 |   234 |   109 ||   390
       Dispel Undead     |       |       |       |     5 |     6 |     4 ||    15
       Sublimation of Bl |       |       |       |    10 |   111 |    19 ||   140
       Statue Form       |       |       |       |       |       |     1 ||     1
Invok: Receive Forbidden |       |       |       |       |     1 |       ||     1
       Renounce Religion |       |       |       |       |     1 |       ||     1
       Call Merchant     |       |       |       |       |       |     4 ||     4
 Abil: Dig               |       |     1 |       |    19 |    11 |     3 ||    34
       Shaft Self        |       |       |     1 |       |     2 |       ||     3
  Use: Scroll            |       |     6 |       |     5 |     3 |     7 ||    21
       Potion            |       |       |       |     2 |     3 |     2 ||     7
 Stab: Sleeping          |     2 |     3 |       |     2 |       |       ||     7
       Distracted        |       |       |       |     1 |     8 |     8 ||    17
Armor: Robe              |    11 |    17 |    38 |    26 |     5 |       ||    97
       Steam dragon scal |       |       |       |   226 |       |       ||   226
       Troll leather arm |       |       |       |    17 |   243 |    96 ||   356
       Skin              |       |       |       |       |       |     8 ||     8
Dodge: Dodged            |    41 |    34 |    47 |   344 |   516 |   240 ||  1222
Block: Buckler           |       |       |    20 |   135 |    48 |       ||   203
       Kite shield       |       |       |       |       |   363 |   226 ||   589
